 Dungeon Crawl Stone Soup version 0.29-a0-468-ge57f7f99b4 (webtiles) character file.

Game seed: 10707199099686351447

14 dolemite99 the Twirler (level 2, 21/25 HPs)
             Began as a Minotaur Gladiator on May 22, 2022.
             Was a Follower of Kikubaaqudgha.
             Quit the game on level 1 of the Dungeon.
             The game lasted 00:00:18 (236 turns).

dolemite99 the Twirler (Minotaur Gladiator)          Turns: 236, Time: 00:00:18

Health: 21/25      AC:  3    Str: 18    XL:     2   Next: 27%
Magic:  1/1        EV: 12    Int:  5    God:    Kikubaaqudgha [*.....]
Gold:   26         SH:  0    Dex: 11    Spells: 1/1 levels left

rFire   . . .      SeeInvis .   a - +0 quarterstaff
rCold   . . .      Faith    .   (shield currently unavailable)
rNeg    . . .      Spirit   .   b - +0 leather armour
rPois   .          Reflect  .   c - +0 hat
rElec   .          Harm     .   (no cloak)
rCorr   .          Rampage  .   (no gloves)
Will    .....                   (no boots)
Stlth   +.........              (no amulet)
HPRegen 0.08/turn               (no ring)
MPRegen 0.07/turn               (no ring)

@: no status effects
A: horns 2, retaliatory headbutt
a: Renounce Religion, Unearth Wretches


You were on level 1 of the Dungeon.
You worshipped Kikubaaqudgha.
Kikubaaqudgha was aware of your devotion.
You visited 1 branch of the dungeon, and saw 1 of its levels.

You collected 26 gold pieces.

Inventory:

Hand Weapons
 a - a +0 quarterstaff (weapon)
Missiles
 d - 3 throwing nets (quivered)
 e - a javelin
Armour
 b - a +0 leather armour (worn)
 c - a +0 hat (worn)
Scrolls
 f - 2 scrolls of identify {unknown}
Potions
 g - a potion of attraction {unknown}
 h - a potion of degeneration {unknown}
 i - a potion of resistance {unknown}


   Skills:
 - Level 2.4 Fighting
 + Level 2.4(3.4) Polearms
 - Level 3.6(4.0) Staves
 - Level 2.0 Throwing
 - Level 3.2 Dodging


You had one spell level left.
You didn't know any spells.
Your spell library contained the following spells:

 Spells                   Type           Power      Damage    Failure   Level
 Necrotize                Necr           0%         1d4       54%         1
 Sublimation of Blood     Necr           0%         N/A       67%         2
 Vampiric Draining        Necr           0%         2d6       88%         3
 Anguish                  Hex/Necr       0%         N/A       99%         4


Dungeon Overview and Level Annotations

Branches:
Dungeon (1/15)

Altars:
Kikubaaqudgha


Innate Abilities, Weirdness & Mutations

You have a pair of horns on your head.
You reflexively headbutt those who attack you in melee.


Message History

A goblin is nearby!
You hit the goblin.
You kill the goblin!
i - a bubbling puce potion
Found a stone staircase leading down.
f - 2 scrolls labelled DIT NENIYTUCUD (gained 1)
Found a faded altar of an unknown god.
No target in view!
A hobgoblin comes into view.
The hobgoblin shouts!
A kobold and a rat come into view.
The kobold shouts!
The kobold moves out of view.
There are monsters nearby!
The rat bites you. The hobgoblin misses you.
There is a stone staircase leading down here.
You sock the hobgoblin!
You kill the hobgoblin!
The rat barely misses you. The kobold closely misses you.
The rat closely misses you.
You sock the kobold!
You kill the kobold!
The rat bites you. The rat bites you.
You see here a +0 whip.
You sock the rat!
You kill the rat!
No target in view!
There is a faded altar of an unknown god here.
No target in view!
You cannot tell which god this altar belongs to.
Convert to them anyway?
Kikubaaqudgha accepts your prayer! Kikubaaqudgha welcomes you!
You can now bring forth the wretched and dying.
Kikubaaqudgha grants you a gift!
You add the spells Necrotize, Sublimation of Blood, Vampiric Draining and Anguish to your library.
You now have 26 gold pieces (gained 13).
There are no items here.
There is an ancient bone altar of Kikubaaqudgha here.
Are you sure you want to abandon this character and quit the game? (Confirm with "yes".)

#..........##.#
#..........##.# #
+...........#.#
#.#...........#.#
#.#...........#.#
#..>#########.#.####
###§.# #.#....#
##..§# #.####.#
#.§@.# #.# #.#
#.....§# #.# #.#
#..###### #.# #.#
...# #.####.# ###
#....... ######.#
#.# #.# #.#


There were no monsters in sight!

Vanquished Creatures
  A dart slug (D:1)
  An endoplasm (D:1)
  A giant cockroach (D:1)
  A goblin (D:1)
  2 hobgoblins (D:1)
  A quokka (D:1)
  2 kobolds (D:1)
  A rat (D:1)
10 creatures vanquished.

Notes
Turn   | Place    | Note
-------+----------+-------------------------------------------
     0 | D:1      | dolemite99 the Minotaur Gladiator began the quest for the
                  | Orb.
     0 | D:1      | Reached XP level 1. HP: 18/18 MP: 0/0
    22 | D:1      | Reached skill level 1 in Polearms
   123 | D:1      | Reached XP level 2. HP: 25/25 MP: 1/1
   218 | D:1      | Found a faded altar of an unknown god.
   232 | D:1      | Prayed at the altar of an unknown god.
   232 | D:1      | Became a worshipper of Kikubaaqudgha
   232 | D:1      | Reached * piety under Kikubaaqudgha
   232 | D:1      | Received a gift from Kikubaaqudgha
   236 | D:1      | Quit the game

Illustrated notes

Levels and vault maps discovered:
D:1:      beargit_arrival_diablo_church, layout_basic,
          ebering_ecumenical_altar_mist

Skill      XL: |  1 |
---------------+----+-----
Polearms       | 2 |  2.4
Fighting       | |  2.4
Staves         | |  3.6
Throwing       | |  2.0
Dodging        | |  3.2

Action                   || total
-------------------------++-------
Melee: Quarterstaff      ||    12
       Headbutt          ||     1
Dodge: Dodged            ||    11

Table legend: (Time is in decaauts)
 A = Elapsed time spent in this place.
 B = Non-inter-level travel time spent in this place.
 C = Inter-level travel time spent in this place.
 D = Time resting spent in this place.
 E = Time spent auto-exploring this place.
 F = Levels seen in this place.
 G = Mean time per level.
                   A        B        C        D        E       F      G
               +--------+--------+--------+--------+--------+-----+--------+
         Total |    237 |    237 |      0 |      0 |    184 |   1 |  237.0 |
       Dungeon |    237 |    237 |      0 |      0 |    184 |   1 |  237.0 |
               +--------+--------+--------+--------+--------+-----+--------+

Top non-repeatable levels by time:
     D:1: 237 daAuts
